 Dungeon Sprint DCSS version 0.18.1-48-g4cf74bf (webtiles) character file.

429 Joat the Basher (level 6, -9/44 HPs)
             Began as a Gargoyle Fighter on Aug 18, 2016.
             Mangled by a boulder beetle (37 damage)
             ... in the Dungeon (Sprint II: "The Violet Keep of Menkaure").
             The game lasted 00:02:02 (151 turns).

Joat the Basher (Gargoyle Fighter)                   Turns: 151, Time: 00:02:02

Health: -9/44      AC: 12    Str: 25    XL:     6   Next: 98%
Magic:  6/6        EV:  8    Int:  8    God:
Gold:   486        SH: 11    Dex: 11    Spells: 0 memorised, 5 levels left

rFire  . . .     SeeInvis .     a - +0 flail
rCold  . . .     Gourm    .     b - +0 scale mail
rNeg   + . .     Faith    .     c - +0 shield
rPois  ∞         Spirit   .     (no helmet)
rElec  +         Dismiss  .     (no cloak)
rCorr  .         Reflect  .     (no gloves)
SustAt .         Harm     .     (no boots)
MR     .....     NoTele   +     (no amulet)
Stlth  ..........               (no ring)
                                (no ring)

@: mighty, not resistant to hostile enchantments, extremely unstealthy
A: negative energy resistance 1, electricity resistance, unbreathing,
petrification resistance, rot immunity, AC +4
a: no special abilities


You were in the Dungeon.
You were not hungry.

You visited 1 branch You collected 486 gold pieces.

Inventory:

Hand Weapons
 a - a +0 flail (weapon)
Armour
 b - a +0 scale mail (worn)
 c - a +0 shield (worn)
Scrolls
 k - a scroll of blinking
Potions
 e - a potion of curing
 h - a potion of haste
 i - 2 potions of magic
Comestibles
 f - a bread ration
 j - 3 chunks of flesh


   Skills:
 + Level 7.7 Fighting
 * Level 9.4 Maces & Flails
 + Level 7.9 Armour
 + Level 7.7 Shields


You had 5 spell levels left.
You didn't know any spells.

Dungeon Overview and Level Annotations

Branches:
Dungeon (1/1)

Altars:


Innate Abilities, Weirdness & Mutations

You are resistant to torment.
Your stone body is resilient (AC +4).
You are immune to poison.
You resist negative energy.
You are resistant to electric shocks.
You can survive without breathing.
You are immune to petrification.
You are immune to rotting.


Message History

You sock the boulder beetle!
The boulder beetle is moderately wounded.
You block the boulder beetle's attack.
You hit the boulder beetle.
The boulder beetle is moderately wounded.
You hit the boulder beetle.
The boulder beetle is heavily wounded.
You block the boulder beetle's attack.
You hit the boulder beetle.
The boulder beetle is heavily wounded.
The boulder beetle bites you!!
Ouch! That really hurt!
* * * LOW HITPOINT WARNING * * *
Drink which item? (? for menu, Esc to quit)
You feel much better.
You hit the boulder beetle but do no damage.
The boulder beetle is heavily wounded.
The boulder beetle bites you!!!
Ouch! That really hurt!
You die...

##+ ##.#
#..## # ##..#
### ##.
##'###.##
#$..##.##...#
#B@<.†##.+
#...##.##...#
##. #+###.##
# ###


You could see a boulder beetle.

Vanquished Creatures
  4 necrophages (D)
  2 worms (D)
6 creatures vanquished.

Vanquished Creatures (others)
  A boulder beetle (D)
  Menkaure (D)
2 creatures vanquished.

Grand Total: 8 creatures vanquished

Notes
Turn   | Place    | Note
--------------------------------------------------------------
     0 | D        | Joat the Gargoyle Fighter began the quest for the Orb.
     0 | D        | Reached XP level 1. HP: 14/14 MP: 1/1
     1 | D        | Noticed a necrophage
     1 | D        | Noticed a necrophage
     1 | D        | Noticed a necrophage
     1 | D        | Noticed a necrophage
     7 | D        | Killed a necrophage
     7 | D        | Reached skill level 5 in Fighting
     7 | D        | Reached skill level 5 in Maces & Flails
     7 | D        | Reached skill level 5 in Armour
     7 | D        | Reached skill level 5 in Shields
     7 | D        | Reached XP level 2. HP: 21/21 MP: 2/2
     7 | D        | Reached XP level 3. HP: 26/26 MP: 3/3
     7 | D        | Reached XP level 4. HP: 31/31 MP: 4/4
    11 | D        | Killed a necrophage
    11 | D        | Reached skill level 7 in Maces & Flails
    11 | D        | Reached XP level 5. HP: 36/36 MP: 5/5
    20 | D        | Killed a necrophage
    20 | D        | Reached skill level 8 in Maces & Flails
    20 | D        | Reached XP level 6. HP: 35/42 MP: 6/6
    22 | D        | Killed Menkaure
    26 | D        | Killed a necrophage
   124 | D        | Noticed a boulder beetle
   124 | D        | Noticed a boulder beetle
   138 | D        | Killed a boulder beetle
   138 | D        | Reached skill level 9 in Maces & Flails
   151 | D        | Mangled by a boulder beetle

Skill      XL: |  1  2  3  4  5  6 |
---------------+-------------------+-----
Fighting       | 5 6 7 |  7.7
Maces & Flails | 5 7 8 9 |  9.4
Armour         | 5 6 7 |  7.9
Shields        | 5 6 7 |  7.7

Action                   |  1- 3 |  4- 6 || total
-------------------------+-------+-------++-------
Melee: Flail             |     4 |    56 ||    60
  Use: Potion            |     1 |     2 ||     3
Armor: Scale mail        |       |    10 ||    10
Dodge: Dodged            |     2 |     7 ||     9
Block: Shield            |       |    17 ||    17
